 Dungeon Crawl Stone Soup version 0.26-a0-1013-gf6ffb0d6bd (webtiles) character file.

Game seed: 11173497455170541111

832 dickylongcocking the Tainter (level 7, -3/41 HPs)
             Began as an Octopode Venom Mage on Dec 8, 2020.
             Was a Follower of Nemelex Xobeh.
             Slain by an ice beast (12 damage)
             ... on level 5 of the Dungeon.
             The game lasted 00:05:34 (6350 turns).

dickylongcocking the Tainter (Octopode Venom Mage)  Turns: 6350, Time: 00:05:35

Health: -3/41      AC:  1    Str: 13    XL:     7   Next: 98%
Magic:  10/13      EV: 13    Int: 20    God:    Nemelex Xobeh [*.....]
Gold:   186        SH:  0    Dex: 12    Spells: 5/15 levels left

rFire    + . .     SeeInvis .   e - +2 short sword (venom)
rCold    . . .     Faith    +   (no shield)
rNeg     . . .     Spirit   .   (helmet restricted)
rPois    +         Reflect  .   f - amulet of faith
rElec    .         Harm     .   d - ring of poison resistance
rCorr    .         Rampage  .   k - +6 ring of strength
Will     .....                  s - ring of protection from fire
Stlth    +++.......             (no ring)
HPRegen  0.13/turn              (no ring)
MPRegen  0.13/turn              (no ring)
                                (no ring)
                                (no ring)

@: about to teleport, lightly drained
A: almost no armour, stealthy swim, amphibious, 8 rings, constrict 8, camouflage
1, gelatinous body 1
a: Draw Escape, Draw Destruction, Draw Summoning, Renounce Religion


You were on level 5 of the Dungeon.
You worshipped Nemelex Xobeh.
Nemelex Xobeh was aware of your devotion.
You visited 1 branch of the dungeon, and saw 5 of its levels.

You collected 276 gold pieces.
You spent 90 gold pieces at shops.

Inventory:

Hand Weapons
 e - a +2 short sword of venom (weapon)
 w - the +6 morningstar of Slimy Cruel Justice {vorpal, WL+ Str+8 Int-4 SInv}
   (You found it on level 5 of the Dungeon)

   It inflicts extra damage upon your enemies.
   It affects your strength (+8).
   It affects your intelligence (-4).
   It affects your willpower, your defense against some magical effects.
   It lets you see invisible.
Armour
 h - a +1 kite shield
Jewellery
 d - a ring of poison resistance (left tentacle)
 f - an amulet of faith (around mantle)
 k - a +6 ring of strength (right tentacle)
 s - a ring of protection from fire (on tentacle)
Wands
 v - a wand of digging (4)
Scrolls
 b - 2 scrolls of teleportation
 c - 3 scrolls of remove curse
 j - 2 scrolls of random uselessness {unknown}
 p - 7 scrolls of identify {unknown}
 r - 2 scrolls of amnesia
 t - a scroll of fear {unknown}
 x - a scroll of blinking {unknown}
Potions
 a - a potion of flight {unknown}
 g - a potion of ambrosia {unknown}
 i - a potion of magic {unknown}
 l - a potion of haste {unknown}
 m - a potion of heal wounds {unknown}
 n - a potion of mutation {unknown}
 o - a potion of might {unknown}
 q - a potion of cancellation {unknown}
 u - 2 potions of brilliance {unknown}


   Skills:
 - Level 2.0(1.8) Dodging
 - Level 2.6(2.5) Stealth
 * Level 4.5(4.3) Spellcasting
 - Level 1.0(0.8) Transmutations
 * Level 8.1(7.9) Poison Magic
 * Level 4.4(4.2) Invocations


You had 5 spell levels left.
You knew the following spells:

 Your Spells              Type           Power        Failure   Level
a - Sting                 Tmut/Pois      ###.         1%          1
d - Olgreb's Toxic Radia  Pois           #####...     4%          4
i - Ignite Poison         Fire/Tmut/Pois ###.....     11%         3
p - Poisonous Vapours     Pois/Air       ###...       3%          2

Your spell library contained the following spells:

 Spells                   Type           Power        Failure   Level
 Mephitic Cloud           Conj/Pois/Air  ###.....     12%         3


Dungeon Overview and Level Annotations

Branches:
Dungeon (5/15)
 Temple: D:4-7

Altars:
Ashenzari
Cheibriados
Hepliaklqana
Nemelex Xobeh
Qazlal
Uskayaw
Vehumet
Yredelemnul
Zin

Shops:
D:4 *


Innate Abilities, Weirdness & Mutations

You cannot wear most types of armour.
You are very stealthy in the water. (Stealth+)
You are amphibious.
You can wear up to eight rings at the same time.
You can use your tentacles to constrict eight enemies at once.
Your skin changes colour to match your surroundings (Stealth+).
Your rubbery body absorbs attacks. (AC +1, EV +1)


Message History

Casting: Sting (safe; 1% risk of failure)
Confirm with . or Enter, or press ? or * to list all spells.
Aiming: Sting (safe; 1% risk of failure)
Press: ? - help, Shift-Dir - straight line, f/p - white imp
Aim: a white imp (lightly wounded, 24% to evade)
The sting hits the ice beast.
The ice beast partially resists.
The ice beast is lightly wounded.
The ice beast hits you. The ice beast freezes you!
Unknown command.
Unknown command.
Casting: Sting (safe; 1% risk of failure)
Confirm with . or Enter, or press ? or * to list all spells.
Okay, then.
Okay, then.
As you read the scroll of teleportation, it crumbles to dust.
You feel strangely unstable. The ice beast hits you.
* * * LOW HITPOINT WARNING * * *
The ice beast freezes you!
You die...
Your body glows slightly and disappears.

..# ..# ..## ...#
## ...# ... ##.#
P.P. ##.# .._..
...#
#########B.P.P.
####
#......@Y5.....
######
#.......#######
.....# #.......#
.....#####.......#
.....'...'.......+
.....#.###.......#
...[)#.# #.......#
....)#)# #########
.....#.#


You could see an ice beast, a worker ant and a white imp.

Vanquished Creatures
  Edmund (D:5)
  A phantom (D:4)
  A jelly (D:5)
  A hound (D:4)
  4 orc priests
  An iguana (D:4)
  A killer bee zombie (D:5)
  6 worker ants
  3 hound skeletons (D:4)
  8 adders
  2 oozes
  7 worms
  2 dart slugs (D:1)
  5 leopard geckos
  15 orcs
  4 bats
  2 giant cockroaches
  13 goblins
  12 hobgoblins
  5 jackals
  4 quokkas
  A ball python (D:3)
  2 frilled lizards (D:1)
  9 kobolds
  A leopard gecko skeleton (D:4)
  A leopard gecko zombie (D:4)
  A quokka skeleton (D:4)
  A quokka zombie (D:5)
  12 rats
126 creatures vanquished.

Vanquished Creatures (others)
  8 plants (D:1)
8 creatures vanquished.

Grand Total: 134 creatures vanquished

Notes
Turn   | Place    | Note
-------+----------+-------------------------------------------
     0 | D:1      | dickylongcocking the Octopode Venom Mage began the quest
                  | for the Orb.
     0 | D:1      | Reached XP level 1. HP: 11/11 MP: 3/3
   248 | D:1      | Reached skill level 4 in Poison Magic
   304 | D:1      | Reached XP level 2. HP: 17/17 MP: 0/5
   489 | D:1      | Reached skill level 5 in Poison Magic
   489 | D:1      | Reached XP level 3. HP: 16/21 MP: 1/6
   812 | D:1      | Learned a level 2 spell: Poisonous Vapours
  1176 | D:2      | Found a glowing silver altar of Zin.
  1252 | D:2      | Learned a level 3 spell: Ignite Poison
  1442 | D:2      | Reached XP level 4. HP: 23/27 MP: 7/7
  1580 | D:2      | Reached skill level 6 in Poison Magic
  2056 | D:3      | Found a hide-covered altar of Uskayaw.
  2200 | D:3      | Found a radiant altar of Vehumet.
  2200 | D:3      | Found a broken altar of Ashenzari.
  2241 | D:3      | Found a sparkling altar of Nemelex Xobeh.
  2244 | D:3      | Found a faded altar of an unknown god.
  2245 | D:3      | Found a snail-covered altar of Cheibriados.
  2249 | D:3      | Became a worshipper of Nemelex Xobeh the Trickster
  2509 | D:3      | Reached XP level 5. HP: 24/31 MP: 8/8
  2711 | D:3      | Reached skill level 1 in Invocations
  3005 | D:3      | Found a stormy altar of Qazlal.
  3379 | D:4      | Noticed a phantom
  3405 | D:4      | Killed a phantom
  3406 | D:4      | Reached XP level 6. HP: 15/36 MP: 10/10
  3617 | D:4      | Learned a level 4 spell: Olgreb's Toxic Radiance
  3754 | D:4      | Found Kegaotseu's Assorted Antiques.
  3762 | D:4      | Reached skill level 7 in Poison Magic
  3854 | D:4      | Bought an emerald ring for 90 gold pieces
  4226 | D:4      | Found a hazy altar of Hepliaklqana.
  4277 | D:4      | Reached * piety under Nemelex Xobeh
  4758 | D:4      | Reached XP level 7. HP: 23/41 MP: 10/12
  5091 | D:5      | Entered Level 5 of the Dungeon
  5160 | D:5      | Got a polished morningstar
  5160 | D:5      | Identified the +6 morningstar of Slimy Cruel Justice
                  | {vorpal, WL+ Str+8 Int-4 SInv} (You found it on level 5 of
                  | the Dungeon)
  5665 | D:5      | Noticed Edmund
  5676 | D:5      | Killed Edmund
  5979 | D:5      | Reached skill level 8 in Poison Magic
  6344 | D:5      | Found a basalt altar of Yredelemnul.
  6350 | D:5      | Slain by an ice beast

Illustrated notes

Levels and vault maps discovered:
D:1:      psy_arrival_spokes, layout_basic, serial_bayou_lagoon_a
D:2:      cheibrodos_greedy_goblins, layout_basic, lemuel_coloured_pillars_altar
D:3:      layout_basic, chequers_temple_overflow_minitemple,
          nicolae_overflow_crystal_walls, nicolae_qazlal_eye_of_the_storm
D:4:      minmay_skewed_foursquare, layout_basic, kennysheep_mini_moat,
          serial_shops, nicolae_shop_crystal, kennysheep_windowed_goal
D:5:      layout_basic, yredelemnul_altar_generic, serial_shops,
          nicolae_shop_trees, uniq_edmund

Skill      XL: |  1  2  3  4  5  6  7 |
---------------+----------------------+-----
Poison Magic   | 4 5 6 7 8 |  8.1
Invocations    | 2 3 4 |  4.4
Spellcasting   | 3 4 |  4.5
Dodging        | |  2.0
Stealth        | |  2.6
Transmutations | |  1.0

Action                   |  1- 3 |  4- 6 |  7- 9 || total
-------------------------+-------+-------+-------++-------
Melee: Unarmed           |    20 |       |       ||    20
       Constrict         |    12 |    36 |     6 ||    54
       Tentacles         |     8 |    21 |     2 ||    31
       Short sword       |    28 |   110 |     9 ||   147
       Morningstar       |       |       |     8 ||     8
 Cast: Sting             |    31 |     9 |    10 ||    50
       Poisonous Vapours |    13 |    18 |       ||    31
       Ignite Poison     |       |     2 |     8 ||    10
       Olgreb's Toxic Ra |       |     1 |     4 ||     5
  Use: Scroll            |       |     6 |     1 ||     7
       Potion            |       |     2 |     1 ||     3
 Stab: Sleeping          |     3 |     2 |     1 ||     6
Armor: Skin              |     5 |     4 |     2 ||    11
Dodge: Dodged            |    48 |    58 |    17 ||   123

Table legend: (Time is in decaauts)
 A = Elapsed time spent in this place.
 B = Non-inter-level travel time spent in this place.
 C = Inter-level travel time spent in this place.
 D = Time resting spent in this place.
 E = Time spent auto-exploring this place.
 F = Levels seen in this place.
 G = Mean time per level.
                   A        B        C        D        E       F      G
               +--------+--------+--------+--------+--------+-----+--------+
         Total |   6371 |   6254 |    117 |    968 |   4508 |   5 | 1274.2 |
       Dungeon |   6371 |   6254 |    117 |    968 |   4508 |   5 | 1274.2 |
               +--------+--------+--------+--------+--------+-----+--------+

Top non-repeatable levels by time:
     D:4: 1830 daAuts
     D:3: 1382 daAuts
     D:5: 1262 daAuts
     D:1: 1080 daAuts
     D:2: 815 daAuts
